 Dungeon Crawl Stone Soup version 0.23-a0-819-g6debee6 (console) character file.

91 bli the Shield-Bearer (level 4, -4/28 HPs)
             Began as a Gargoyle Fighter on Jan 22, 2019.
             Killed by divine providence
             ... invoked by an orc priest
              (12 damage)
             ... on level 3 of the Dungeon.
             The game lasted 00:08:15 (1876 turns).

bli the Shield-Bearer (Gargoyle Fighter)            Turns: 1876, Time: 00:08:16

Health: -4/28      AC:  9    Str: 20    XL:     4   Next: 57%
Magic:  4/4        EV: 12    Int:  8    God:
Gold:   123        SH:  9    Dex: 10    Spells: 3/3 levels left

rFire    . . .     SeeInvis .   a - +0 flail
rCold    . . .     Gourm    .   c - +0 shield
rNeg     + . .     Faith    .   v - +2 leather armour {rPois}
rPois    ∞         Spirit   .   (no helmet)
rElec    +         Reflect  .   (no cloak)
rCorr    .         Harm     .   (no gloves)
MR       .....                  (no boots)
Stlth    +.........             u - amulet of regeneration
HPRegen  0.49/turn              o - +3 ring of evasion
MPRegen  0.09/turn              (no ring)

@: no status effects
A: negative energy resistance 1, electricity resistance, unbreathing,
petrification resistance, rot immunity, AC +3
a: no special abilities


You were on level 3 of the Dungeon.
You were hungry.

You visited 1 branch of the dungeon, and saw 3 of its levels.

You collected 123 gold pieces.

Inventory:

Hand Weapons
 a - a +0 flail (weapon)
 y - a +0 hunting sling
Missiles
 e - 81 stones (quivered)
 l - 4 javelins
Armour
 b - a +0 scale mail
 c - a +0 shield (worn)
 n - a +0 leather armour
 q - a cursed +0 chain mail
 v - a +2 leather armour of poison resistance (worn)
 B - a +0 large shield
Jewellery
 o - a +3 ring of evasion (left hand)
 u - an amulet of regeneration (around neck)
Scrolls
 g - 3 scrolls of identify {unknown}
 j - 4 scrolls of remove curse {unknown}
 k - 2 scrolls of immolation {unknown}
 p - 4 scrolls of amnesia {unknown}
 r - a scroll of magic mapping {unknown}
 s - a scroll of fear {unknown}
 t - a scroll of enchant weapon {unknown}
 A - a scroll of teleportation {unknown}
Potions
 d - a potion of might
 h - 2 potions of brilliance {unknown}
 i - a potion of curing {unknown}
 m - 2 potions of degeneration {unknown}
 x - a potion of haste {unknown}
 z - 3 potions of agility {unknown}
Comestibles
 f - 6 rations
 w - 3 chunks of flesh


   Skills:
 + Level 3.2 Fighting
 * Level 3.6 Maces & Flails
 * Level 3.7 Armour
 + Level 0.4 Dodging
 + Level 4.0 Shields


You had 3 spell levels left.
You didn't know any spells.
Your spell library was empty.

Dungeon Overview and Level Annotations

Branches:
Dungeon (3/15)

Altars:


Innate Abilities, Weirdness & Mutations

You are resistant to torment.
Your stone body is resilient. (AC +3)
You are immune to poison.
You resist negative energy. (rN+)
You are resistant to electric shocks. (rElec)
You can survive without breathing.
You are immune to petrification.
You are immune to rotting.


Message History

You hit the orc.
You kill the orc!
You closely miss something.
The orc priest looks satisfied for a moment.
Something hits you but does no damage.
You hit something. Something hits you.
The orc priest looks encouraged for a moment.
The orc wizard closely misses you.
You hear some strange, mumbled words.
A puff of flame appears from out of thin air!
The puff of flame hits you!
* * * LOW HITPOINT WARNING * * *
The orc priest hits you but does no damage.
You see here a +2 hand axe of chopping.
You hit the orc priest.
The orc priest is moderately wounded.
The orc hits you but does no damage. You block the orc wizard's attack.
Something hits you but does no damage.
The orc priest calls down the wrath of Beogh upon you.
Beogh smites you!
You die...

oo..o..
.'.........#
#!..o..
#.........#
###..
#....o....#
####
##.........#
....+
'........>#
##### #..#.#
##.#.# #.#.#
#.#.#
#o#.#.####
#o@.#....
##o.#..#
#..#..#
##....#
#....#
#...## ##..#
#####.÷##
#.......#
#.####..#.#
#.......#


You could see an orc priest, an orc wizard and an orc.

Vanquished Creatures
  3 adders (D:2)
  A dart slug (D:1)
  2 leopard geckos
  An orc (D:3)
  12 bats
  3 giant cockroaches
  8 goblins
  3 hobgoblins
  5 jackals
  6 kobolds
  3 frilled lizards
  4 rats
51 creatures vanquished.

Notes
Turn   | Place    | Note
-------+----------+-------------------------------------------
     0 | D:1      | bli the Gargoyle Fighter began the quest for the Orb.
     0 | D:1      | Reached XP level 1. HP: 14/14 MP: 1/1
   227 | D:1      | Reached XP level 2. HP: 19/19 MP: 2/2
   573 | D:1      | Reached XP level 3. HP: 18/23 MP: 3/3
  1060 | D:2      | Reached XP level 4. HP: 26/28 MP: 4/4
  1172 | D:2      | Reached skill level 4 in Shields
  1876 | D:3      | Killed from afar by an orc priest

Vault maps used:
D:1:      minmay_arrival_shattered_statue
D:3:      cheibrodos_greedy_goblins, kennysheep_generic_room_5, uniq_grinder,
          uniq_crazy_yiuf_cottage

Skill      XL: |  1  2  3  4 |
---------------+-------------+-----
Maces & Flails | 3 |  3.6
Shields        | 4 |  4.0
Fighting       | |  3.2
Armour         | |  3.7
Dodging        | |  0.4

Action                   |  1- 3 |  4- 6 || total
-------------------------+-------+-------++-------
Melee: Flail             |   128 |    81 ||   209
  Eat: Chunk             |     1 |     2 ||     3
Armor: Scale mail        |    73 |    13 ||    86
       Leather armour    |       |    19 ||    19
Dodge: Dodged            |    69 |    48 ||   117
Block: Shield            |    79 |    42 ||   121

Table legend:
 A = Non-vault XP
 B = Vault XP
 C = Vault XP percentage of total XP
 D = Non-vault monster count
 E = Vault monster count
 F = Vault count percentage of total count
                 A         B        C        D         E       F
            +---------+---------+-------+---------+---------+-------
      Total |     128 |       2 |   1.5 |      50 |       1 |   2.0
            +---------+---------+-------+---------+---------+-------
        D:1 |      44 |       0 |   0.0 |      23 |       0 |   0.0
        D:2 |      71 |       0 |   0.0 |      20 |       0 |   0.0
        D:3 |      13 |       2 |  13.3 |       7 |       1 |  12.5
            +---------+---------+-------+---------+---------+-------
